 Dungeon Crawl Stone Soup version 0.31.0-1-g2c135a0 (webtiles) character file.

Game seed: 5600184396805109112

9806 AmazingTV the Protected (level 11, -1/97 HPs)
             Began as a Minotaur Fighter on Mar 19, 2024.
             Was a Believer of Okawaru.
             Killed by divine providence
             ... invoked by an orc priest
              (10 damage)
             ... on level 11 of the Dungeon.
             The game lasted 00:53:14 (11600 turns).

AmazingTV the Protected (Minotaur Fighter)         Turns: 11600, Time: 00:53:15

Health: -1/97      AC:  8    Str: 24    XL:     11   Next: 27%
Magic:  8/10       EV: 18    Int:  5    God:    Okawaru [**....]
Gold:   623        SH: 14    Dex: 17    Spells: 10/10 levels left

rFire   . . .        W - +2 broad axe (elec)
rCold   . . .        U - +0 kite shield
rNeg    . . .        E - +0 steam dragon scales
rPois   +            (helmet restricted)
rElec   .            (no cloak)
rCorr   .            (no gloves)
SInv    .            (no boots)
Will    .....        e - amulet of the acrobat
Stlth   ++++         P - +6 ring of dexterity
HPRegen 0.36/turn    R - ring of poison resistance
MPRegen 0.12/turn

%: acrobat
@: heroic
A: horns 2, retaliatory headbutt
a: Renounce Religion, Heroism


You were on level 11 of the Dungeon.
You worshipped Okawaru.
Okawaru was pleased with you.
You visited 2 branches of the dungeon, and saw 12 of its levels.

You collected 691 gold pieces.
You spent 68 gold pieces at shops.

Inventory:

Hand Weapons
 a - a +7 flail of freezing
 b - a +6 battleaxe
 c - a +2 flail of holy wrath
 D - a +6 dagger
 J - a +2 whip of electrocution
 S - a +2 antimagic trident
 W - a +2 broad axe of electrocution (weapon)
Missiles
 m - 127 stones
 B - 2 throwing nets
 C - 24 poisoned darts (quivered)
 V - a curare-tipped dart
 X - 6 javelins
Armour
 l - +0 acid dragon scales
 E - +0 steam dragon scales (worn)
 U - a +0 kite shield (worn)
Jewellery
 e - an amulet of the acrobat (around neck)
 h - a +6 ring of dexterity
 k - an amulet of guardian spirit
 q - a +4 ring of protection
 v - a +6 ring of intelligence
 N - a ring of ice
 P - a +6 ring of dexterity (left hand)
 R - a ring of poison resistance (right hand)
 Y - a ring of magical power
Wands
 r - a wand of flame (89)
 u - a wand of mindburst (5)
 O - a wand of iceblast (9)
Scrolls
 f - 2 scrolls of enchant weapon
 g - 2 scrolls of fear
 i - 5 scrolls of identify
 j - a scroll of summoning {unknown}
 p - a scroll of vulnerability {unknown}
 s - 2 scrolls of blinking {unknown}
 t - a scroll of acquirement {unknown}
 w - 2 scrolls of poison {unknown}
 x - 2 scrolls of torment {unknown}
 y - a scroll of silence {unknown}
 F - a scroll of fog {unknown}
 G - a scroll of teleportation {unknown}
 H - a scroll of amnesia {unknown}
 Z - a scroll of enchant armour {unknown}
Potions
 d - 4 potions of might
 n - 3 potions of heal wounds {unknown}
 o - 3 potions of magic
 I - a potion of curing
 Q - a potion of mutation {unknown}


   Skills:
 + Level 9.5(14.5) Fighting
 - Level 7.6(13.8) Axes
 + Level 6.8(13.5) Maces & Flails
 + Level 4.9(9.9) Ranged Weapons
 + Level 10.7(15.7) Armour
 - Level 6.1(11.1) Dodging
 - Level 2.6(7.6) Stealth
 + Level 9.9(14.9) Shields


You had 10 spell levels left.
You didn't know any spells.
Your spell library contained the following spells:

 Spells                   Type           Power      Damage    Failure   Level
 Kiss of Death            Conj/Necr      0%         2d5       61%         1
 Sandblast                Erth           0%         2d4       61%         1
 Mercury Vapours          Alch/Air       0%         N/A       75%         2
 Confusing Touch          Hex            0%         N/A       93%         3
 Hailstorm                Conj/Ice       0%         3d5       93%         3
 Mephitic Cloud           Conj/Alch/Air  0%         N/A       93%         3
 Ozocubu's Armour         Ice            0%         N/A       93%         3
 Passwall                 Erth           0%         N/A       93%         3
 Stone Arrow              Conj/Erth      0%         3d7       93%         3
 Brom's Barrelling Bould  Conj/Erth      0%         2d3       100%        4
 Dispel Undead            Necr           0%         3d6       100%        4
 Freezing Cloud           Conj/Ice/Air   0%         6-21      100%        5
 Metabolic Englaciation   Hex/Ice        0%         N/A       100%        5
 Summon Ice Beast         Ice/Summ       Unusable   N/A       N/A         3
 Sculpt Simulacrum        Ice/Alch       Unusable   N/A       N/A         6

Dungeon Overview and Level Annotations

Branches:
Dungeon (11/15)            Temple (1/1) D:4            Lair (0/5) D:10
    Orc (0/2) D:11

Altars:
Ashenzari
Cheibriados
Dithmenos
Elyvilon
Fedhas
Gozag
Hepliaklqana
Kikubaaqudgha
Makhleb
Nemelex Xobeh
Okawaru
Qazlal
Ru
Sif Muna
Trog
Uskayaw
Vehumet
Wu Jian
Xom
Yredelemnul
Zin
The Shining One

Shops:
D:2 ?   D:4 *[   D:10 *

Portals:
Trove: D:11 (give horn of Geryon)


Innate Abilities, Weirdness & Mutations

You have a pair of horns on your head.
You reflexively headbutt those who attack you in melee.


Message History

The vampire mosquito draws strength from your injuries!
The vampire mosquito completely misses you.
The vampire mosquito completely misses you.
You furiously retaliate!
You headbutt the vampire mosquito! You closely miss the vampire mosquito.
Your headbutt misses the vampire mosquito.
The vampire mosquito is moderately damaged.
The vampire mosquito closely misses you.
You furiously retaliate!
You headbutt the vampire mosquito! You slash the vampire mosquito!
The vampire mosquito is almost destroyed.
You closely miss the vampire mosquito. The vampire mosquito misses you.
You furiously retaliate!
You headbutt the vampire mosquito.
You destroy the vampire mosquito!
Okawaru accepts your kill.
You block the vampire mosquito's attack. x2
The orc priest calls down the wrath of Beogh upon you.
Beogh smites you!
* * * LOW HITPOINT WARNING * * *
The vampire mosquito closely misses you.
You gain the combat prowess of a mighty hero.
The vampire mosquito completely misses you.
You furiously retaliate!
You headbutt the vampire mosquito.
You block the vampire mosquito's attack.
You feel better. The vampire mosquito barely misses you.
The vampire mosquito closely misses you.
You furiously retaliate!
You headbutt the vampire mosquito. You slice the vampire mosquito!!
The vampire mosquito is severely damaged.
You block the vampire mosquito's attack.
The orc priest suddenly grunts.
The vampire mosquito bites you!
* * * LOW HITPOINT WARNING * * *
The vampire mosquito draws strength from your injuries!
You miss the vampire mosquito.
The vampire mosquito is heavily damaged.
You block the vampire mosquito's attack.
The orc priest calls down the wrath of Beogh upon you.
Beogh smites you!
You die...

#################
#.......†yooooo.#
#######.@####o..#
#..# #...# #..#
#o..# #..# #...#
#..# #...# #..#
#o..# #..# #o..#
#..# #...# #..#
#...#


You could see 2 orc warriors, a vampire mosquito, an orc priest and 2 orcs.

Vanquished Creatures
  Urug (D:10)
  A manticore (D:11)
  An ugly thing (D:10)
  A komodo dragon (D:10)
  2 trolls
  Grinder (D:3)
  3 wraiths
  2 wyverns
  9 yaks
  A basilisk (D:10)
  2 steam dragons
  4 vampire mosquitoes (D:11)
  5 water moccasins
  2 acid dragons (D:11)
  A black bear (D:5)
  A sky beast (D:6)
  3 orc warriors
  An ogre (D:4)
  A centaur (D:10)
  A phantom (D:7)
  5 kobold brigands
  A bullfrog (D:6)
  2 gnoll sergeants (D:9)
  5 scorpions
  A burial acolyte (D:8)
  8 wights
  7 killer bees
  5 howler monkeys
  3 bombardier beetles
  3 jellies
  8 orc priests
  4 hounds
  Jessica (D:1)
  2 sleepcaps
  Ijyb (D:5)
  3 iguanas
  11 orc wizards
  2 hound zombies (D:8)
  20 gnolls
  10 adders
  3 shadow imps
  5 white imps (D:6)
  4 ufetubi
  An adder zombie (D:8)
  2 dart slugs
  3 ribbon worms (D:2)
  26 orcs
  7 endoplasms
  3 giant cockroaches
  A gnoll zombie (D:8)
  4 goblins
  2 hobgoblins
  34 kobolds
  A quokka (D:2)
  8 ball pythons
  7 bats
  A frilled lizard (D:2)
  3 kobold zombies (D:8)
  5 rats (D:1)
265 creatures vanquished.

Vanquished Creatures (others)
  An orc wizard (D:7)
  A quokka (D:9)
2 creatures vanquished.

Grand Total: 267 creatures vanquished

Notes
Turn   | Place    | Note
-------+----------+-------------------------------------------
     0 | D:1      | AmazingTV the Minotaur Fighter began the quest for the Orb.
     0 | D:1      | Reached XP level 1. HP: 19/19 MP: 0/0
   231 | D:1      | Reached skill level 4 in Armour
   258 | D:1      | Reached XP level 2. HP: 25/27 MP: 1/1
   860 | D:2      | Noticed Jessica
   867 | D:1      | Killed Jessica
   868 | D:1      | Reached XP level 3. HP: 25/33 MP: 2/2
   971 | D:2      | Found Iloiki's Magic Scroll Emporium.
   974 | D:2      | Bought a scroll of identify for 20 gold pieces
   974 | D:2      | Bought a scroll of identify for 20 gold pieces
  1023 | D:2      | Reached XP level 4. HP: 40/40 MP: 3/3
  1463 | D:3      | Found a glowing silver altar of Zin.
  1501 | D:3      | Noticed a scorpion
  1516 | D:3      | Killed a scorpion
  1517 | D:3      | Reached XP level 5. HP: 46/46 MP: 4/4
  1792 | D:3      | Reached skill level 1 in Dodging
  1798 | D:3      | Noticed Grinder
  1811 | D:3      | Killed Grinder
  1812 | D:3      | Reached skill level 5 in Armour
  1812 | D:3      | Reached XP level 6. HP: 53/53 MP: 5/5
  2287 | D:4      | Found Ydolec's Assorted Antiques.
  2290 | D:4      | Bought a scroll labelled HEDEWITUME for 28 gold pieces
  2420 | D:4      | Found a staircase to the Ecumenical Temple.
  2429 | Temple   | Entered the Ecumenical Temple
  2502 | D:4      | Found Nekim's Armour Shoppe.
  2563 | D:4      | Found a shimmering altar of Xom.
  2577 | D:4      | Reached skill level 1 in Stealth
  2762 | D:4      | Reached skill level 5 in Shields
  2762 | D:4      | Reached XP level 7. HP: 60/60 MP: 6/6
  2828 | D:4      | Reached skill level 5 in Fighting
  2828 | D:4      | Reached skill level 6 in Armour
  2849 | D:5      | Entered Level 5 of the Dungeon
  3290 | D:5      | Noticed Ijyb
  3299 | D:5      | Killed Ijyb
  3456 | D:5      | Found a bloodstained altar of Trog.
  4013 | D:5      | Found a hide-covered altar of Uskayaw.
  4184 | D:6      | Reached skill level 7 in Armour
  4184 | D:6      | Reached XP level 8. HP: 69/69 MP: 7/7
  4416 | D:6      | Reached skill level 5 in Axes
  4860 | D:6      | Reached skill level 8 in Armour
  5891 | D:7      | Reached XP level 9. HP: 65/77 MP: 8/8
  6479 | D:7      | Reached skill level 9 in Armour
  6986 | D:8      | Found a glowing golden altar of the Shining One.
  6989 | D:8      | Reached skill level 5 in Dodging
  7062 | D:8      | Identified the amulet of the Fuzzy Plum {Harm Regen+ Int-4
                  | Dex+7 Slay+3}
  7799 | D:8      | Found an ancient bone altar of Kikubaaqudgha.
  8051 | D:8      | Reached XP level 10. HP: 68/86 MP: 9/9
  8496 | D:9      | Found a radiant altar of Vehumet.
  8756 | D:9      | Reached skill level 1 in Ranged Weapons
  8961 | D:9      | Found a white marble altar of Elyvilon.
  9391 | D:10     | Entered Level 10 of the Dungeon
  9398 | D:10     | Noticed Urug
  9405 | D:10     | Found Cilobb's Overcharged Wands.
  9424 | D:10     | Killed Urug
  9615 | D:10     | Found a sacrificial altar of Ru.
  9624 | D:10     | Reached skill level 5 in Maces & Flails
  9673 | D:10     | Found a staircase to the Lair.
  9938 | D:10     | Noticed a green ugly thing
  9949 | D:10     | Killed a green ugly thing
 10042 | D:10     | Reached skill level 10 in Armour
 10261 | D:10     | Found an iron altar of Okawaru.
 10268 | D:10     | Became a worshipper of Warmaster Okawaru
 10811 | D:11     | Reached * piety under Okawaru
 10850 | D:11     | Found a portal to a secret trove of treasure.
 10857 | D:11     | Noticed a manticore
 10865 | D:11     | Killed a manticore
 10866 | D:11     | Reached XP level 11. HP: 79/97 MP: 10/10
 11527 | D:11     | Reached ** piety under Okawaru
 11563 | D:11     | Found a staircase to the Orcish Mines.
 11600 | D:11     | Killed from afar by an orc priest

Illustrated notes

Levels and vault maps discovered:
D:1:      mrwooster_arrival_statue, layout_basic
D:2:      layout_rooms, serial_shops, nicolae_shop_behind_doors,
          minmay_misc_feat_cross, uniq_jessica
D:3:      layout_loops_ring, mainiacjoe_overflow_chevrons,
          hangedman_abyss_or_decor_lesser_grid, uniq_grinder
D:4:      layout_basic, nicolae_overflow_crystal_walls,
          minmay_temple_entry_ruins, serial_shops, nicolae_shop_behind_doors,
          nicolae_shop_real_fake_doors, chequers_arboretum
D:5:      layout_layer_cave, nicolae_uskayaw_suspiria, trog_book,
          minmay_fractal_squares_gapless_5, uniq_ijyb
D:6:      layout_basic, minmay_misc_feat_enclosed, grunt_ministairs_5
D:7:      layout_gridville
D:8:      layout_basic, regret_index_kikubaaqudgha_part_by_part,
          overflow_temple_1_default
D:9:      layout_basic, mainiacjoe_overflow_brackets, elyvilon_altar_4,
          serial_glass, glass_columns_b, glass_columns_b,
          minmay_strange_pillars, feat_on_display, due_unseen_surprise,
          minmay_strange_pillars
D:10:     layout_basic, nicolae_ru_great_annihilating_truth, okawaru_gym_becter,
          david_lair_shrubbed, roderic_roman_lattice,
          nicolae_shop_overcharged_wands, uniq_urug
D:11:     layout_long_grid, david_orc_5, nicolae_trove_entry_isolated
Temple:   nicolae_temple_x_marks_the_god

Skill      XL: |  1  2  3  4  5  6  7  8  9 10 |
---------------+-------------------------------+-----
Armour         | 4 5 7 8 9 10 | 10.7
Fighting       | 4 5 6 7 9 |  9.5
Maces & Flails | 3 4 6 |  6.8
Shields        | 4 5 6 8 9 |  9.9
Dodging        | 1 2 4 6 |  6.1
Axes           | 2 3 4 6 7 |  7.6
Stealth        | 1 2 |  2.6
Ranged Weapons | 4 |  4.9

Action                     |  1- 3 |  4- 6 |  7- 9 | 10-12 || total
---------------------------+-------+-------+-------+-------++-------
  Melee: Flail             |    11 |       |    59 |   180 ||   250
         Headbutt          |     6 |    16 |    74 |    49 ||   145
         Whip              |    45 |    79 |   337 |       ||   461
         Broad axe         |       |       |       |    35 ||    35
  Throw: Stone             |       |     1 |       |     1 ||     2
         Dart              |       |       |       |     2 ||     2
 Invoke: Heroism           |       |       |       |     1 ||     1
    Use: Scroll            |       |     2 |       |     9 ||    11
         Potion            |       |       |       |     2 ||     2
   Stab: Sleeping          |       |       |     2 |     4 ||     6
         Paralysed         |       |       |       |     1 ||     1
         Distracted        |       |       |       |     1 ||     1
 Armour: Scale mail        |    25 |    29 |   123 |       ||   177
         Steam dragon scal |       |       |    78 |    81 ||   159
  Dodge: Dodged            |    41 |    37 |   188 |   126 ||   392
  Block: Buckler           |    10 |    16 |   111 |     8 ||   145
         Kite shield       |       |       |       |   132 ||   132
